 Dungeon Crawl Stone Soup version 0.31-a0-549-gf98fd537a9 (webtiles) character file.

Game seed: 1804998800658460262

12 Morbidden the Conjurer (level 2, 19/19 HPs)
             Began as a Demonspawn Conjurer on Aug 16, 2023.
             Quit the game on level 1 of the Dungeon.
             The game lasted 00:00:27 (284 turns).

Morbidden the Conjurer (Demonspawn Conjurer)         Turns: 284, Time: 00:00:28

Health: 19/19      AC:  2    Str:  7    XL:     2   Next: 20%
Magic:  0/5        EV: 12    Int: 19    God:
Gold:   0          SH:  0    Dex: 11    Spells: 4/5 levels left

rFire   . . .        a - +0 rapier
rCold   . . .        (no shield)
rNeg    . . .        c - +0 robe
rPois   .            (no helmet)
rElec   .            (no cloak)
rCorr   .            (no gloves)
SInv    .            (no boots)
Will    .....        (no amulet)
Stlth   ++           (no ring)
HPRegen 0.23/turn    (no ring)
MPRegen 0.09/turn

%: no passive effects
@: no status effects
A: sturdy frame 1
a: no special abilities


You were on level 1 of the Dungeon.
You visited 1 branch of the dungeon, and saw 1 of its levels.

Inventory:

Hand Weapons
 a - a +0 rapier (weapon)
Armour
 c - a +0 robe (worn)
Potions
 b - a potion of magic
 d - a potion of heal wounds {unknown}


   Skills:
 * Level 0.2 Fighting
 * Level 1.9 Dodging
 + Level 1.7 Stealth
 * Level 2.0 Spellcasting
 * Level 4.4 Conjurations


You had 4 spell levels left.
You knew the following spells:

 Your Spells              Type           Power      Damage    Failure   Level
a - Magic Dart            Conj           72%        1d6       2%          1

Your spell library contained the following spells:

 Spells                   Type           Power      Damage    Failure   Level
 Searing Ray              Conj           36%        2d5       4%          2
 Dazzling Flash           Conj/Hex       20%        N/A       21%         3
 Fulminant Prism          Conj/Hex       5%         3d7       56%         4
 Iskenderun's Mystic Bla  Conj/Tloc      10%        2d4       56%         4


Dungeon Overview and Level Annotations

Branches:
Dungeon (1/15)

Altars:


Innate Abilities, Weirdness & Mutations

Your movements are slightly less encumbered by armour. (ER -2)


Message History

Confirm with . or Enter, or press ? or * to list all spells.
Aiming: Magic Dart (safe; 2% risk of failure)
Press: ? - help, Shift-Dir - straight line, f - jackal
Aim: a jackal (wandering, hasn't noticed you, 100% to hit)
The magic dart hits the jackal.
The jackal is moderately wounded.
A jackal is nearby!
Unknown command.
Casting: Magic Dart (safe; 2% risk of failure)
Confirm with . or Enter, or press ? or * to list all spells.
Aiming: Magic Dart (safe; 2% risk of failure)
Press: ? - help, Shift-Dir - straight line, f/p - jackal
Aim: a jackal (moderately wounded, 100% to hit)
The magic dart hits the jackal.
The jackal is heavily wounded.
A jackal is nearby!
Casting: Magic Dart (safe; 2% risk of failure)
Confirm with . or Enter, or press ? or * to list all spells.
You don't have enough magic to cast this spell.
A jackal is nearby!
Casting: Magic Dart (safe; 2% risk of failure)
Confirm with . or Enter, or press ? or * to list all spells.
You don't have enough magic to cast this spell.
Unknown command.
A jackal is nearby!
Casting: Magic Dart (safe; 2% risk of failure)
Confirm with . or Enter, or press ? or * to list all spells.
You don't have enough magic to cast this spell.
A jackal is nearby!
Casting: Magic Dart (safe; 2% risk of failure)
Confirm with . or Enter, or press ? or * to list all spells.
You don't have enough magic to cast this spell.
A jackal is nearby!
Unknown command.
Casting: Magic Dart (safe; 2% risk of failure)
Confirm with . or Enter, or press ? or * to list all spells.
You don't have enough magic to cast this spell.
Are you sure you want to abandon this character and quit the game? (Confirm with "yes".)
Okay, then.
Are you sure you want to abandon this character and quit the game? (Confirm with "yes".)

##..# #..# #.#
######)#####
#..........#
#..........#
#..........#
#..........######.#
♣♣♣#.>........h@.....#
♣♣.##...........#######
...#######....#.####
...# #....#........
...# #.##†#....##..
...## #.##.#.####
....###......#
.....#####.###
..8..8####.#


You could see a jackal.

Vanquished Creatures
  3 endoplasms (D:1)
  3 jackals (D:1)
  A kobold (D:1)
  A ball python (D:1)
  2 bats (D:1)
  A rat (D:1)
11 creatures vanquished.

Notes
Turn   | Place    | Note
-------+----------+-------------------------------------------
     0 | D:1      | Morbidden the Demonspawn Conjurer began the quest for the
                  | Orb.
     0 | D:1      | Reached XP level 1. HP: 13/13 MP: 3/3
   228 | D:1      | Gained mutation: Your movements are slightly less
                  | encumbered by armour. (ER -2) [demonic ancestry]
   228 | D:1      | Reached XP level 2. HP: 19/19 MP: 0/5
   284 | D:1      | Quit the game

Illustrated notes

Levels and vault maps discovered:
D:1:      kennysheep_arrival_forest, layout_basic

Action                     || total
---------------------------++-------
  Melee: Rapier            ||    13
         Unarmed           ||     1
   Cast: Magic Dart        ||    22
 Armour: Robe              ||     2
  Dodge: Dodged            ||    16

Table legend: (Time is in decaauts)
 A = Elapsed time spent in this place.
 B = Non-inter-level travel time spent in this place.
 C = Inter-level travel time spent in this place.
 D = Time resting spent in this place.
 E = Time spent auto-exploring this place.
 F = Levels seen in this place.
 G = Mean time per level.
                   A        B        C        D        E       F      G
               +--------+--------+--------+--------+--------+-----+--------+
         Total |    286 |    286 |      0 |     48 |    174 |   1 |  286.0 |
       Dungeon |    286 |    286 |      0 |     48 |    174 |   1 |  286.0 |
               +--------+--------+--------+--------+--------+-----+--------+

Top non-repeatable levels by time:
     D:1: 286 daAuts
